 Dungeon Crawl Stone Soup version 0.23.2-1-ga50397a6bc (webtiles) character file.

Game seed: 13798027322236217624

51 Norn the Magician (level 3, -5/23 HPs)
             Began as an Octopode Wizard on Apr 20, 2019.
             Slain by a water moccasin zombie (7 damage)
             ... on level 2 of the Dungeon.
             The game lasted 00:04:55 (1527 turns).

Norn the Magician (Octopode Wizard)                 Turns: 1527, Time: 00:04:55

Health: -5/23      AC:  1    Str:  6    XL:     3   Next: 81%
Magic:  3/7        EV: 13    Int: 21    God:
Gold:   37         SH:  0    Dex: 10    Spells: 5/8 levels left

rFire    . . .     SeeInvis .   i - +0 dagger
rCold    . . .     Gourm    .   (no shield)
rNeg     . . .     Faith    .   a - +0 hat
rPois    .         Spirit   .   (no amulet)
rElec    .         Reflect  .   (no ring)
rCorr    .         Harm     .   (no ring)
MR       .....                  (no ring)
Stlth    +++.......             (no ring)
HPRegen  0.07/turn              (no ring)
MPRegen  0.10/turn              (no ring)
                                (no ring)
                                (no ring)

@: no status effects
A: almost no armour, stealthy swim, amphibious, 8 rings, constrict 8, camouflage
1, gelatinous body 1
a: no special abilities


You were on level 2 of the Dungeon.
You were not hungry.

You visited 1 branch of the dungeon, and saw 2 of its levels.

You collected 37 gold pieces.

Inventory:

Hand Weapons
 i - a +0 dagger (weapon)
   (You took it off a goblin on level 2 of the Dungeon)
Armour
 a - a +0 hat (worn)
Scrolls
 b - a scroll of enchant armour {unknown}
 c - a scroll of identify {unknown}
 d - a scroll of noise {unknown}
 g - a scroll of enchant weapon {unknown}
 h - a scroll of magic mapping {unknown}
Comestibles
 e - 2 rations {!d}


   Skills:
 + Level 1.4 Fighting
 - Level 2.0 Dodging
 - Level 2.6 Stealth
 + Level 3.3 Spellcasting
 * Level 2.5 Conjurations
 - Level 1.0 Summonings
   Level 1.0 Translocations


You had 5 spell levels left.
You knew the following spells:

 Your Spells              Type           Power        Failure   Level  Hunger
a - Magic Dart            Conj           ##..         4%          1    None
x - Call Imp              Summ           #.......     13%         2    ##.....

Your spell library contained the following spells:

 Spells                   Type           Power        Failure   Level  Hunger
 Blink                    Tloc           N/A          13%         2    ##.....
 Slow                     Hex            #.......     19%         2    ##.....
 Conjure Flame            Conj/Fire      #.......     22%         3    ###....
 Mephitic Cloud           Conj/Pois/Air  #.......     26%         3    ###....


Dungeon Overview and Level Annotations

Branches:
Dungeon (2/15)

Altars:
The Shining One


Innate Abilities, Weirdness & Mutations

You cannot wear most types of armour.
You are very stealthy in the water. (Stealth+)
You are amphibious.
You can wear up to eight rings at the same time.
You can use your tentacles to constrict eight enemies at once.
Your skin changes colour to match your surroundings (Stealth+).
Your rubbery body absorbs attacks. (AC +1, EV +1)


Message History

You see here a rat skeleton.
You start resting.
Eating a chunk of flesh.
You eat the chunk of flesh.
You start resting.
Your white imp disappears in a puff of smoke!
The water moccasin zombie is too close now for your liking.
Aim: a water moccasin zombie (hasn't noticed you)
The magic dart hits the water moccasin zombie.
Aim: a water moccasin zombie (lightly damaged)
The magic dart hits the water moccasin zombie.
Aim: a water moccasin zombie (lightly damaged)
The magic dart hits the water moccasin zombie.
A shadowy apparition takes form in the air.
You swap places.
The water moccasin zombie bites your shadow imp. x2
Your shadow imp barely misses the water moccasin zombie.
The water moccasin zombie barely misses your shadow imp.
Your shadow imp closely misses the water moccasin zombie.
The water moccasin zombie bites your shadow imp.
Your shadow imp closely misses the water moccasin zombie.
The water moccasin zombie barely misses your shadow imp.
Your shadow imp barely misses the water moccasin zombie.
The water moccasin zombie bites your shadow imp.
Your shadow imp closely misses the water moccasin zombie.
The water moccasin zombie closely misses your shadow imp. x2
Your shadow imp hits the water moccasin zombie.
The water moccasin zombie bites your shadow imp.
Your shadow imp barely misses the water moccasin zombie.
The water moccasin zombie bites your shadow imp.
Your shadow imp dies!
Aim: a water moccasin zombie (moderately damaged)
The magic dart hits the water moccasin zombie.
Aim: a water moccasin zombie (moderately damaged)
The magic dart hits the water moccasin zombie.
Aim: a water moccasin zombie (heavily damaged)
The magic dart hits the water moccasin zombie.
The water moccasin zombie bites you. The water moccasin zombie bites you!
* * * LOW HITPOINT WARNING * * *
The water moccasin zombie barely misses you.
The water moccasin zombie bites you.
* * * LOW HITPOINT WARNING * * *
The water moccasin zombie barely misses you.
Items here: )) [ †† a +0 flail; a +0 ring mail; a +0 club; an orc corpse; a goblin corpse Unknown command.
The water moccasin zombie completely misses you.
The water moccasin zombie bites you.
* * * LOW HITPOINT WARNING * * *
There is a stone staircase leading up here.
The water moccasin zombie bites you!
You die...

###...##.##..##
######....##...##..#
##........##..#..##.. ##
#........##..#.#..##. .##
#.#....###..#._.#..## ..##
###.#......##..#.#..##. ...#
#...#.......#'..#..##.. ...#
#.###........##...##..#
...########....Z@.......##.##..##
..#..÷......###..........###..##
.....)#####.##............#..##
...#..# #.##............#.##
>....######.................#
÷..####......#.............##
.#.#...........##..........#
.....###....####..........##
...###(.....# #.##.(....##


You could see a water moccasin zombie.

Vanquished Creatures
  A leopard gecko (D:2)
  2 orcs (D:2)
  2 giant cockroaches
  5 goblins
  2 hobgoblins
  4 jackals (D:1)
  A ball python (D:2)
  A bat (D:1)
  A kobold (D:1)
19 creatures vanquished.

Vanquished Creatures (collateral kills)
  An orc priest (D:2)
  A worm (D:2)
  An orc (D:2)
  2 goblins (D:2)
  A rat (D:2)
6 creatures vanquished.

Grand Total: 25 creatures vanquished

Notes
Turn   | Place    | Note
-------+----------+-------------------------------------------
     0 | D:1      | Norn the Octopode Wizard began the quest for the Orb.
     0 | D:1      | Reached XP level 1. HP: 11/11 MP: 4/4
   192 | D:1      | Reached XP level 2. HP: 11/18 MP: 0/6
   304 | D:1      | Learned a level 2 spell: Call Imp
   796 | D:2      | Found a glowing golden altar of the Shining One.
   863 | D:2      | Reached skill level 1 in Fighting
  1059 | D:2      | Reached XP level 3. HP: 15/23 MP: 1/7
  1527 | D:2      | Slain by a water moccasin zombie

Skill      XL: |  1  2 |
---------------+-------+-----
Fighting       | 1 |  1.4
Conjurations   | 2 |  2.5
Dodging        | |  2.0
Stealth        | |  2.6
Spellcasting   | |  3.3
Summonings     | |  1.0
Translocations | |  1.0

Action                   || total
-------------------------++-------
Melee: Unarmed           ||    18
       Constrict         ||     7
       Tentacles         ||     4
       Dagger            ||    10
 Cast: Magic Dart        ||    51
       Call Imp          ||    10
  Eat: Chunk             ||     2
Armor: Skin              ||     2
Dodge: Dodged            ||    31
